 Dungeon Crawl Stone Soup version 0.30-a0-381-g6ea064c7b4 (webtiles) character file.

Game seed: 15861995520470508207

119 lunkers the Slasher (level 5, -9/45 HPs)
             Began as a Meteoran Fighter on Dec 1, 2022.
             Was an Initiate of Okawaru.
             Mangled by an ogre
             ... wielding a +0 giant spiked club
              (22 damage)
             ... on level 4 of the Dungeon.
             The game lasted 00:02:53 (1516 turns).

lunkers the Slasher (Meteoran Fighter)              Turns: 1516, Time: 00:02:54

Health: -9/45      AC:  6    Str: 20    XL:     5   Next: 50%
Magic:  6/6        EV:  9    Int: 15    God:    Okawaru [......]
Gold:   128        SH:  5    Dex: 13    Spells: 4/4 levels left

rFire   . . .      SeeInvis .    a - +0 long sword
rCold   . . .      Faith    .    c - +0 buckler
rNeg    . . .      Spirit   .    b - +0 scale mail
rPois   .          Reflect  .    (no helmet)
rElec   .          Harm     .    (no cloak)
rCorr   .          Rampage  .    (no gloves)
Will    .....                    (no boots)
Stlth   ..........               (no amulet)
HPRegen 0.27/turn                e - +6 ring of intelligence
MPRegen 0.10/turn                (no ring)

@: glowing
A: sense surroundings 1, otherworldly, glowing, explore regen
a: Renounce Religion


You were on level 4 of the Dungeon.
You worshipped Okawaru.
Okawaru was noncommittal.
You visited 1 branch of the dungeon, and saw 4 of its levels.

You collected 128 gold pieces.

Inventory:

Hand Weapons
 a - a +0 long sword (weapon)
Armour
 b - a +0 scale mail (worn)
 c - a +0 buckler (worn)
Jewellery
 e - a +6 ring of intelligence (left hand)
Wands
 l - a wand of digging (7)
 q - a wand of flame (14)
 s - a wand of polymorph (11)
Scrolls
 g - 2 scrolls of magic mapping {unknown}
 h - a scroll of amnesia {unknown}
 i - 4 scrolls of identify {unknown}
 j - a scroll of noise {unknown}
 k - a scroll of teleportation {unknown}
 m - 2 scrolls of blinking {unknown}
 p - a scroll of immolation {unknown}
 t - a scroll of vulnerability {unknown}
Potions
 d - a potion of might
 f - 2 potions of lignification {unknown}
 n - 2 potions of attraction {unknown}
 o - a potion of haste {unknown}
 r - a potion of mutation {unknown}


   Skills:
 - Level 3.2 Fighting
 + Level 6.1 Long Blades
 - Level 3.6 Armour
 - Level 3.6 Shields


You had 4 spell levels left.
You didn't know any spells.
Your spell library contained the following spells:

 Spells                   Type           Power      Damage    Failure   Level
 Yara's Violent Unravell  Hex/Tmut       0%         3d3       100%        5
 Enfeeble                 Hex            0%         N/A       100%        7


Dungeon Overview and Level Annotations

Branches:
Dungeon (4/15) Zot: 838
 Temple: D:4-7

Altars:
Gozag
Hepliaklqana
Okawaru

Shops:
D:2 (***


Innate Abilities, Weirdness & Mutations

You passively map a small area around you.
You are easily found by Zot.
You glow in the dark.
You regain HP and MP as you explore.


Message History

No target in view!
No target in view!
An orc comes into view. It is wielding a +0 flail.
The orc shouts!
You slash the orc!
You kill the orc!
Okawaru accepts your kill.
No target in view!
No target in view!
No target in view!
No target in view!
No target in view!
No target in view!
No target in view!
No target in view!
You pick up a book of Misfortune and begin reading...
You add the spells Yara's Violent Unravelling and Enfeeble to your library.
A kobold comes into view. It is wielding a +0 short sword.
The kobold shouts!
An ogre comes into view. It is wielding a +0 giant spiked club.
You completely miss the kobold.
An adder comes into view.
The kobold hits you but does no damage.
You barely miss the ogre. You block the kobold's attack.
The ogre closely misses you.
You barely miss the ogre. The kobold closely misses you.
The ogre hits you with a +0 giant spiked club!
You slash the ogre!
The ogre is moderately wounded.
The kobold hits you but does no damage.
You hit the ogre.
The ogre is heavily wounded.
The kobold completely misses you.
The ogre hits you with a +0 giant spiked club!!
Ouch! That really hurt!
* * * LOW HITPOINT WARNING * * *
The kobold attacks as you move away! The kobold barely misses you.
The ogre attacks as you move away!
The ogre hits you with a +0 giant spiked club!!
You die...

* * ,, , * , * * .#.##
......#### #####
.....SK@.#####...#
......O#..#......#
....#.##.)#.##...# ...
## #........# , #
#..#.##..# , ,
*,#####..#.##..#
#........##.#)#########
*#.##.##.#.#...#.#.#....
#.#.#...........#.##.


You could see an ogre, an adder and a kobold.

Vanquished Creatures
  An adder (D:2)
  5 worms
  4 dart slugs
  2 orcs
  6 bats
  14 endoplasms
  6 giant cockroaches (D:1)
  9 goblins
  3 hobgoblins (D:1)
  3 jackals (D:1)
  4 quokkas
  6 ball pythons
  5 frilled lizards
  7 kobolds
  7 rats
82 creatures vanquished.

Notes
Turn   | Place    | Note
-------+----------+-------------------------------------------
     0 | D:1      | lunkers the Meteoran Fighter began the quest for the Orb.
     0 | D:1      | Reached XP level 1. HP: 19/19 MP: 2/2
     2 | D:1      | Found a runed translucent door.
    35 | D:1      | Reached skill level 3 in Long Blades
    35 | D:1      | Reached XP level 2. HP: 26/26 MP: 3/3
   122 | D:1      | Reached XP level 3. HP: 25/31 MP: 4/4
   135 | D:1      | Reached skill level 4 in Long Blades
   380 | D:1      | Reached XP level 4. HP: 35/38 MP: 5/5
   479 | D:1      | Glimpsed the power of Zot.
   552 | D:2      | Found Ruam's Weapon Boutique.
   574 | D:2      | Reached skill level 5 in Long Blades
   653 | D:2      | Found Zemuorogg's General Store.
   818 | D:2      | Found Fuwkuom's General Store.
   827 | D:2      | Reached XP level 5. HP: 39/45 MP: 6/6
   889 | D:2      | Found Urie's Assorted Antiques.
   896 | D:2      | Found an iron altar of Okawaru.
   907 | D:2      | Became a worshipper of Warmaster Okawaru
   935 | D:3      | Found a hazy altar of Hepliaklqana.
  1092 | D:3      | Found an opulent altar of Gozag.
  1343 | D:3      | Noticed a moth of wrath
  1379 | D:4      | Reached skill level 6 in Long Blades
  1510 | D:4      | Noticed an ogre
  1516 | D:4      | Mangled by an ogre

Illustrated notes

Levels and vault maps discovered:
D:1:      dpeg_arrival_caged_fury, layout_basic, minivault_19
D:2:      layout_rooms, serial_shops, nicolae_shop_window_shopping, shop,
          nicolae_shop_waterfront, nicolae_shop_competitors_out_of_business,
          basic_altar
D:3:      layout_basic, mainiacjoe_overflow_cross_hatched,
          lemuel_zombie_altar_kikubaaqudgha,
          nicolae_gozag_cash_rules_everything_around_me, tgw_trog
D:4:      nicolae_cairo_tiling_large_dashed, layout_loops_ring,
          uniq_blork_the_orc, uniq_crazy_yiuf_cottage

Skill      XL: |  1  2  3  4  5 |
---------------+----------------+-----
Long Blades    | 3 4 5 6 |  6.1
Fighting       | |  3.2
Armour         | |  3.6
Shields        | |  3.6

Action                   |  1- 3 |  4- 6 || total
-------------------------+-------+-------++-------
Melee: Long sword        |    69 |   169 ||   238
Armor: Scale mail        |    31 |    75 ||   106
Dodge: Dodged            |    21 |    71 ||    92
Block: Buckler           |    12 |    45 ||    57

Table legend: (Time is in decaauts)
 A = Elapsed time spent in this place.
 B = Non-inter-level travel time spent in this place.
 C = Inter-level travel time spent in this place.
 D = Time resting spent in this place.
 E = Time spent auto-exploring this place.
 F = Levels seen in this place.
 G = Mean time per level.
                   A        B        C        D        E       F      G
               +--------+--------+--------+--------+--------+-----+--------+
         Total |   1561 |   1428 |    133 |      0 |    901 |   4 |  390.2 |
       Dungeon |   1561 |   1428 |    133 |      0 |    901 |   4 |  390.2 |
               +--------+--------+--------+--------+--------+-----+--------+

Top non-repeatable levels by time:
     D:1: 544 daAuts
     D:3: 445 daAuts
     D:2: 428 daAuts
     D:4: 143 daAuts
